 Dungeon Crawl Stone Soup version 0.18-a0-1378-g7babcad (webtiles) character file.

102 Oddball22 the Grave Robber (level 4, -1/34 HPs)
             Began as a Demonspawn Necromancer on Feb 22, 2016.
             Slain by Sigmund
             ... wielding a +2 scythe of slicing
              (2 damage)
             ... on level 2 of the Dungeon.
             The game lasted 00:06:28 (2718 turns).

Oddball22 the Grave Robber (Demonspawn Necromancer) Turns: 2718, Time: 00:06:28

Health: -1/34      AC:  3    Str:  9    XL:     4   Next: 50%
Magic:  7/7        EV: 13    Int: 16    God:
Gold:   56         SH:  0    Dex: 16    Spells: 3 memorised, 2 levels left

rFire  . . .     SeeInvis .     g - +4 quarterstaff (chaos)
rCold  . . .     Gourm    .     a - +0 robe
rNeg   . . .     Faith    +     (shield currently unavailable)
rPois  .         Spirit   .     p - +0 helmet
rElec  .         Dismiss  .     d - -2 cloak (curse)
rCorr  .         Reflect  .     (no gloves)
SustAt .         Harm     .     (no boots)
MR     .....                    j - amulet of faith
Stlth  ++........               (no ring)
                                (no ring)

@: not resistant to hostile enchantments, unstealthy
A: agile 1, mutation resistance 1, shaggy fur 1, rot immunity
a: no special abilities


You were on level 2 of the Dungeon.
You were not hungry.

You visited 1 branch of the dungeon, and saw 2 of its levels.

You collected 56 gold pieces.

Inventory:

Hand Weapons
 f - a +0 hunting sling
 g - a +4 quarterstaff of chaos (weapon)
 r - a +1 dagger of flaming
Missiles
 n - 11 silver sling bullets
Armour
 a - a +0 robe (worn)
 d - a cursed -2 cloak (worn)
 e - a +0 shield
 h - a +0 cloak
 p - a +0 helmet (worn)
Jewellery
 j - an amulet of faith (around neck)
Scrolls
 l - a scroll of teleportation
Books
 b - a book of Necromancy

   Spells                             Type                      Level
   a - Pain                           Necromancy                   1
   b - Animate Skeleton               Necromancy                   1
   c - Vampiric Draining              Necromancy                   3
   d - Regeneration                   Charms/Necromancy            3
   e - Animate Dead                   Necromancy                   4
   f - Control Undead                 Necromancy                   4
Comestibles
 c - 4 bread rations
 q - 2 meat rations
 u - a beef jerky


   Skills:
 * Level 2.5 Fighting
 + Level 2.9 Dodging
 - Level 1.7 Stealth
 + Level 1.6 Unarmed Combat
 - Level 2.0 Spellcasting
 - Level 4.3 Necromancy


You had 2 spell levels left.
You knew the following spells:

 Your Spells              Type           Power        Failure   Level  Hunger
a - Pain                  Necr           ###.         4%          1    #......
b - Animate Skeleton      Necr           N/A          4%          1    #......
c - Vampiric Draining     Necr           ###.......   12%         3    ###....


Dungeon Overview and Level Annotations

Branches:
Dungeon (2/15)

Altars:
The Shining One

Annotations:
D:2 Sigmund


Innate Abilities, Weirdness & Mutations

You are immune to rotting.
You are agile. (Dex +2)
You are somewhat resistant to further mutation.
You are covered in fur (AC +1).


Message History

You closely miss Sigmund.
Sigmund is moderately wounded.
Sigmund hits you with a scythe of slicing.
You're too confused to move!
Sigmund hits you from afar with a scythe of slicing.
A jackal comes into view.
You feel less confused.
Sigmund hits you with a scythe of slicing.
A jackal comes into view.
The jackal barks!
You hit Sigmund.
You heal Sigmund.
Sigmund is moderately wounded. x2
Sigmund casts a spell.
Sigmund flickers and vanishes!
Deactivating autopickup; reactivate with Ctrl-A.
The sky beast flickers out of sight!
You hit something. Something barely misses you.
You closely miss something. Something hits you!
* * * LOW HITPOINT WARNING * * *
You die...

##### #
####...####h... .#
#......@{hS{... (#
#.##...####h###. .#
##### #.###...## #g
.# #...#
#.##.....##.###.##.#
###...###.###>..##
....... #...#...#.#
##.## #...#
#..###....# #.# #.#
#...#...### #.# #.#
####...### ##'## #.#


You could see an adder and 3 jackals.

Vanquished Creatures
  Crazy Yiuf (D:2)
  Terence (D:2)
  2 adders (D:2)
  2 giant geckos
  A giant cockroach (D:1)
  4 goblins
  6 hobgoblins
  A ball python (D:1)
  3 bats
  6 kobolds
  6 rats
33 creatures vanquished.

Notes
Turn   | Place    | Note
--------------------------------------------------------------
     0 | D:1      | Oddball22 the Demonspawn Necromancer began the quest for the Orb.
     0 | D:1      | Reached XP level 1. HP: 13/13 MP: 3/3
   549 | D:1      | Gained mutation: You are immune to rotting. [demonic ancestry]
   549 | D:1      | Reached XP level 2. HP: 20/20 MP: 3/5
  1053 | D:1      | Learned a level 1 spell: Animate Skeleton
  1075 | D:2      | Reached skill level 1 in Fighting
  1474 | D:2      | Reached skill level 1 in Unarmed Combat
  1474 | D:2      | Reached XP level 3. HP: 23/26 MP: 2/6
  1694 | D:2      | Noticed Sigmund
  1792 | D:2      | Noticed Terence
  1805 | D:2      | Killed Terence
  2003 | D:2      | Found a glowing golden altar of the Shining One.
  2101 | D:2      | Learned a level 3 spell: Vampiric Draining
  2235 | D:2      | Noticed Crazy Yiuf
  2247 | D:2      | Killed Crazy Yiuf
  2247 | D:2      | Reached XP level 4. HP: 6/34 MP: 1/7
  2248 | D:2      | Gained mutation: You are covered in fur (AC +1). [potion of mutation]
  2248 | D:2      | Gained mutation: You are agile. (Dex +2) [potion of mutation]
  2248 | D:2      | Gained mutation: You are somewhat resistant to further mutation. [potion of mutation]
  2711 | D:2      | Noticed a sky beast
  2718 | D:2      | HP: 1/34 [something (11)]
  2718 | D:2      | Slain by Sigmund

Vault maps used:
D:1:      lightli_molten_gateway
D:2:      first_bread, tso_altar, uniq_sigmund, uniq_crazy_yiuf_cottage,
          uniq_terence

Action                   |  1- 3 |  4- 6 || total
-------------------------+-------+-------++-------
Melee: Club              |    62 |       ||    62
       Unarmed           |     4 |       ||     4
       Dagger            |    20 |       ||    20
       Quarterstaff      |       |     7 ||     7
 Cast: Pain              |    29 |     3 ||    32
  Use: Scroll            |       |     4 ||     4
       Potion            |       |     4 ||     4
 Stab: Sleeping          |     3 |       ||     3
  Eat: Chunk             |     5 |     1 ||     6
